 Dungeon Crawl Stone Soup version 0.20.0 (webtiles) character file.

1059 Llamajah the Shield-Bearer (level 8, -4/62 HPs)
             Began as a Formicid Fighter on June 22, 2017.
             Was a Follower of Okawaru.
             Slain by a wight
             ... wielding a +0 great sword
              (8 damage)
             ... on level 6 of the Dungeon.
             The game lasted 00:14:45 (5150 turns).

Llamajah the Shield-Bearer (Formicid Fighter)       Turns: 5150, Time: 00:14:46

Health: -4/62      AC: 10    Str: 28      XL:     8   Next: 52%
Magic:  17/17      EV:  8    Int:  8      God:    Okawaru [*.....]
Gold:   245        SH: 10    Dex:  7 (10) Spells: 7/7 levels left

rFire    . . .     SeeInvis +   a - +0 war axe
rCold    + . .     Gourm    +   c - +0 shield
rNeg     . . .     Faith    .   n - +0 chain mail
rPois    .         Spirit   .   (helmet unavailable)
rElec    .         Reflect  .   (no cloak)
rCorr    .         Harm     .   (no gloves)
MR       .....                  E - +0 pair of boots
Stlth    ..........             D - amulet of the gourmand
Regen    0.2/turn               g - ring of protection from cold
MPRegen  0.2/turn               z - ring of magical power

@: mighty, heavily drained
A: permanent stasis, dig shafts and tunnels, four strong arms, antennae 3
a: Dig, Shaft Self, Heroism, Renounce Religion


You were on level 6 of the Dungeon.
You worshipped Okawaru.
Okawaru was aware of your devotion.
You were not hungry.

You visited 2 branches of the dungeon, and saw 7 of its levels.

You collected 245 gold pieces.

Inventory:

Hand Weapons
 a - a +0 war axe (weapon)
Armour
 b - a +0 scale mail
 c - a +0 shield (worn)
 n - a +0 chain mail (worn)
 E - a +0 pair of boots (worn)
Jewellery
 g - a ring of protection from cold (left hand)
 t - an uncursed amulet of harm
 v - an uncursed ring of flight
 z - a ring of magical power (right hand)
 B - an uncursed amulet of guardian spirit
 D - an amulet of the gourmand (around neck)
Scrolls
 i - 7 scrolls of identify {unknown}
 j - 2 scrolls of enchant armour {unknown}
 l - a scroll of magic mapping {unknown}
 m - a scroll of recharging {unknown}
 o - a scroll of enchant weapon {unknown}
 q - 2 scrolls of random uselessness {unknown}
 u - a scroll of teleportation {unknown}
 x - a scroll of fog {unknown}
 y - 5 scrolls of remove curse {unknown}
 A - a scroll of amnesia {unknown}
 C - a scroll of holy word {unknown}
Potions
 d - a potion of might
 e - 3 potions of curing {unknown}
 h - 2 potions of flight {unknown}
 k - a potion of brilliance {unknown}
 r - 4 potions of heal wounds {unknown}
 s - a potion of haste {unknown}
 w - a potion of resistance {unknown}
 G - a potion of mutation {unknown}
Comestibles
 f - 2 bread rations
 p - 2 meat rations
 F - a royal jelly


   Skills:
 + Level 5.1(3.8) Fighting
 + Level 4.2(2.9) Axes
 + Level 5.2(3.9) Armour
 * Level 4.9(3.6) Dodging
 + Level 5.9(4.5) Shields


You had 7 spell levels left.
You didn't know any spells.

Dungeon Overview and Level Annotations

Branches:
Dungeon (6/15)             Temple (1/1) D:4

Altars:
Ashenzari
Cheibriados
Dithmenos
Elyvilon
Fedhas
Gozag
Hepliaklqana
Kikubaaqudgha
Nemelex Xobeh
Okawaru
Qazlal
Ru
Sif Muna
Trog
Uskayaw
Vehumet
Xom
Yredelemnul
Zin
The Shining One


Innate Abilities, Weirdness & Mutations

You cannot be hasted, slowed, berserked, paralysed or teleported.
You can dig through walls and to a lower floor.
Your four strong arms can wield two-handed weapons with a shield.
You have a pair of large antennae on your head. (SInv)


Message History

The black bear claws you but does no damage. x2
The black bear bites you.
* * * LOW HITPOINT WARNING * * *
The black bear claws you but does no damage.
The black bear barely misses you.
You slash the black bear!
You kill the black bear!
Okawaru accepts your kill.
You can now gain great but temporary skills.
Your shield and chain mail prevent you from hitting the wight.
You slash the wight!
The wight is severely damaged.
You slash the wight! The wight hits you with a great sword.
* * * LOW HITPOINT WARNING * * *
The wight hits you with a great sword!
* * * LOW HITPOINT WARNING * * *
You feel drained.
* * * LOW HITPOINT WARNING * * *
The wight hits you with a great sword!
You die...

...<........>...
##..#...#.###...
###.#.#.#.# .. . #
#...#...# z..
###..###..# z... ##..##
#... z.... #..##...+#..#
####..(..
..##..#..##..###zzzzo...
.##..#.#.. #...#@# ##
#._.# ###...#
.##..#.#..##...###
..##..#..##..###
#..##...##..## ##..##
##..## ##..###..##
#...#...#####
#...#.........


You could see 4 wights and an orc priest.

Vanquished Creatures
  A black bear (D:6)
  2 phantoms
  A scorpion (D:4)
  A wight (D:6)
  2 howler monkeys (D:4)
  A quasit (D:4)
  3 orc priests
  2 hounds
  An iguana (D:4)
  6 orc wizards
  4 worker ants
  A howler monkey zombie (D:5)
  Robin (D:4)
  2 adders
  An ooze (D:4)
  An adder skeleton (D:4)
  A worm (D:2)
  3 dart slugs
  4 leopard geckos
  19 orcs
  3 giant cockroaches
  9 goblins
  9 hobgoblins
  13 jackals
  2 quokkas
  11 bats
  8 frilled lizards
  2 kobolds
  A quokka skeleton (D:6)
  11 rats
126 creatures vanquished.

Notes
Turn   | Place    | Note
-------+----------+-------------------------------------------
     0 | D:1      | Llamajah the Formicid Fighter began the quest for the Orb.
     0 | D:1      | Reached XP level 1. HP: 18/18 MP: 1/1
   228 | D:1      | Reached XP level 2. HP: 14/24 MP: 2/2
   577 | D:2      | Reached skill level 1 in Dodging
   587 | D:1      | Reached XP level 3. HP: 6/29 MP: 3/3
  1363 | D:2      | Reached XP level 4. HP: 36/36 MP: 4/4
  1659 | D:3      | Reached XP level 5. HP: 37/42 MP: 5/5
  2355 | D:3      | Reached XP level 6. HP: 27/48 MP: 6/6
  2673 | D:4      | Reached XP level 7. HP: 31/55 MP: 7/7
  2897 | D:4      | Reached skill level 5 in Shields
  3163 | D:4      | Noticed Robin
  3183 | D:4      | Killed Robin
  3597 | D:4      | Found a staircase to the Ecumenical Temple.
  3666 | Temple   | Entered the Ecumenical Temple
  3816 | Temple   | Became a worshipper of Warmaster Okawaru
  3944 | D:5      | Entered Level 5 of the Dungeon
  4171 | D:5      | Reached XP level 8. HP: 31/61 MP: 8/8
  4710 | D:5      | Reached skill level 5 in Armour
  5118 | D:6      | Found a glowing golden altar of the Shining One.
  5140 | D:6      | Reached skill level 5 in Fighting
  5148 | D:6      | Reached * piety under Okawaru
  5150 | D:6      | Slain by a wight

Skill      XL: |  1  2  3  4  5  6  7  8 |
---------------+-------------------------+-----
Dodging        | 1 2 3 4 |  4.9
Armour         | 4 5 |  5.2
Shields        | 4 5 |  5.9
Fighting       | 4 5 |  5.1
Axes           | 3 4 |  4.2

Action                   |  1- 3 |  4- 6 |  7- 9 || total
-------------------------+-------+-------+-------++-------
Melee: War axe           |   137 |   147 |   284 ||   568
  Use: Potion            |       |       |     1 ||     1
  Eat: Chunk             |     1 |     5 |     6 ||    12
       Royal jelly       |       |       |     1 ||     1
       Bread ration      |       |       |     1 ||     1
Armor: Scale mail        |    31 |       |       ||    31
       Chain mail        |    29 |    85 |   232 ||   346
Dodge: Dodged            |    49 |    42 |   125 ||   216
Block: Shield            |    85 |    89 |   200 ||   374
